 Dungeon Crawl Stone Soup version 0.32-a0-791-gfc315c9ecd (webtiles) character file.

Game seed: 18278593943364136907

8 zenocrate the Digger (level 2, -3/17 HPs)
             Began as an Octopode Earth Elementalist on Mar 20, 2024.
             Slain by an adder (4 damage)
             ... on level 2 of the Dungeon.
             The game lasted 00:00:31 (758 turns).

zenocrate the Digger (Octopode Earth Elementalist)   Turns: 758, Time: 00:00:32

Health: -3/17      AC:  1    Str:  7    XL:     2   Next: 8%
Magic:  5/5        EV: 12    Int: 17    God:
Gold:   76         SH:  0    Dex: 12    Spells: 4/5 levels left

rFire   . . .        (no weapon)
rCold   . . .        (no shield)
rNeg    . . .        (helmet restricted)
rPois   .            (no amulet)
rElec   .            (no ring)
rCorr   .            (no ring)
SInv    .            (no ring)
Will    +....        (no ring)
Stlth   +++          (no ring)
HPRegen 0.22/turn    (no ring)
MPRegen 0.09/turn    (no ring)
                     (no ring)

%: no passive effects
@: lethally poisoned (-3 -> -7), enlightened, flying
A: almost no armour, amphibious, 8 rings, camouflage 1, gelatinous body 1,
(nimble swimmer 1), tentacles
a: no special abilities


You were on level 2 of the Dungeon.
You visited 1 branch of the dungeon, and saw 2 of its levels.

You collected 76 gold pieces.

Inventory:

Talismans
 d - a talisman of death
 i - a maw talisman
Scrolls
 b - a scroll of torment {unknown}
 f - a scroll of enchant armour {unknown}
 h - a scroll of fear {unknown}
Potions
 a - a potion of magic
 e - a potion of haste {unknown}
 g - a potion of resistance {unknown}


   Skills:
 + Level 0.3 Fighting
 + Level 2.1 Dodging
 + Level 2.8 Stealth
 + Level 0.2 Unarmed Combat
 + Level 2.1 Spellcasting
 + Level 1.1 Conjurations
 + Level 3.1 Earth Magic
 + Level 0.0 Shapeshifting


You had 4 spell levels left.
You knew the following spells:

 Your Spells              Type           Power      Damage    Failure   Level
a - Sandblast             Erth           24%        2d8       5%          1

Your spell library contained the following spells:

 Spells                   Type           Power      Damage    Failure   Level
 Passwall                 Erth           12%        N/A       16%         3
 Stone Arrow              Conj/Erth      18%        3d8       24%         3
 Brom's Barrelling Bould  Conj/Erth      9%         2d3       61%         4
 Petrify                  Alch/Erth      7%         N/A       71%         4
 Anguish                  Hex/Necr       0%         N/A       88%         4
 Cause Fear               Hex            0%         N/A       88%         4
 Enfeeble                 Hex            0%         N/A       100%        7


Dungeon Overview and Level Annotations

Branches:
Dungeon (2/15)

Altars:


Innate Abilities, Weirdness & Mutations

You cannot wear most types of armour.
You are amphibious.
You can wear up to eight rings at the same time.
Your skin changes colour to match your surroundings (Stealth+).
Your rubbery body absorbs attacks. (AC +1, EV +1)
((You are camouflaged when in or above water. (Stealth+)))
You have tentacles for arms and can constrict up to eight enemies at once.


Message History

Okay, then.
There is a stone staircase leading down here.
You climb downwards.
There is a stone staircase leading up here.
Found a mace.
No target in view!
You open the door.
A goblin and an adder come into view.
There is an open door here.
An adder comes into view.
Found a talisman of death.
There are monsters nearby!
An adder comes into view.
The adder hisses angrily. x2
There are monsters nearby!
Found a stone staircase leading down.
The goblin hits you with a +0 club.
You tentacle-slap the adder but do no damage.
Your grab misses the adder. The adder bites you.
You are poisoned.
The adder poisons you! The goblin barely misses you.
You feel sick. The adder attacks as it pursues you!
The adder closely misses you.
You feel sick. The adder closely misses you. The adder bites you.
You feel sick. The adder attacks as it pursues you! The adder bites you.
* * * LOW HITPOINT WARNING * * *
You are lethally poisoned!
The adder poisons you!
There is an open door here.
Unknown command.
* * * LOW HITPOINT WARNING * * *
You feel sick. The adder attacks as it pursues you!
The adder closely misses you.
Unknown command.
Unknown command.
It was a potion of enlightenment.
You feel very buoyant.
You fly up into the air.
* * * LOW HITPOINT WARNING * * *
You feel sick. The adder bites you.
You die...

#...%.......>
#..........#
#..........#
#..........#
.#..........#
.........# S......g.#
.........##############
........SS@...........#
.........#########.####
.........# #.#######
#........# #.......#
#........# #######.#
#........# #)....#.#
######### #.###.#.#
#.#<#.#.# #.#.#.#.#


You could see 2 adders and a goblin.

Vanquished Creatures
  An endoplasm (D:1)
  A goblin (D:1)
  A hobgoblin (D:1)
  A quokka (D:1)
  A bat (D:1)
  2 kobolds (D:1)
  A rat (D:1)
8 creatures vanquished.

Notes
Turn   | Place    | Note
-------+----------+-------------------------------------------
     0 | D:1      | zenocrate the Octopode Earth Elementalist began the quest
                  | for the Orb.
     0 | D:1      | Reached XP level 1. HP: 11/11 MP: 3/3
   323 | D:1      | Reached XP level 2. HP: 17/17 MP: 3/5
   758 | D:2      | Slain by an adder

Illustrated notes

Levels and vault maps discovered:
D:1:      dpeg_arrival_rhombus, layout_loops_ring
D:2:      layout_basic, lexackson_kobold_supper

Action                     || total
---------------------------++-------
  Melee: Unarmed           ||    17
         Constrict         ||     7
         Tentacles         ||     6
   Cast: Sandblast         ||     1
    Use: Potion            ||     1
   Stab: Distracted        ||     1
         Sleeping          ||     1
 Armour: Skin              ||    10
  Dodge: Dodged            ||    13

Table legend: (Time is in decaauts)
 A = Elapsed time spent in this place.
 B = Non-inter-level travel time spent in this place.
 C = Inter-level travel time spent in this place.
 D = Time resting spent in this place.
 E = Time spent auto-exploring this place.
 F = Levels seen in this place.
 G = Mean time per level.
                   A        B        C        D        E       F      G
               +--------+--------+--------+--------+--------+-----+--------+
         Total |    758 |    718 |     40 |      0 |    630 |   2 |  379.0 |
       Dungeon |    758 |    718 |     40 |      0 |    630 |   2 |  379.0 |
               +--------+--------+--------+--------+--------+-----+--------+

Top non-repeatable levels by time:
     D:1: 688 daAuts
     D:2: 69 daAuts
